 Dungeon Crawl Stone Soup version 0.31-a0-152-g6aa68a64a1 (webtiles) character file.

Game seed: 16036712556540088095

152 qw the Shooter (level 5, -4/32 HPs)
             Began as a Gargoyle Hunter on June 10, 2023.
             Slain by Duvessa
             ... wielding a +0 short sword
              (7 damage)
             ... on level 3 of the Dungeon.
             The game lasted 00:00:55 (2673 turns).

qw the Shooter (Gargoyle Hunter)                    Turns: 2673, Time: 00:00:55

Health: -4/32      AC: 11    Str: 14    XL:     5   Next: 34%
Magic:  5/5        EV: 10    Int: 10    God:
Gold:   208        SH:  0    Dex: 15    Spells: 4/4 levels left

rFire   . . .        Y - +1 shortbow
rCold   . . .        (shield currently unavailable)
rNeg    + . .        d - +0 ring mail
rPois   inf          (no helmet)
rElec   +            (no cloak)
rCorr   .            i - +0 pair of gloves
SInv    .            b - +0 pair of boots
Will    .....        (no amulet)
Stlth   +            (no ring)
HPRegen 0.25/turn    (no ring)
MPRegen 0.09/turn

%: no passive effects
@: no status effects
A: sickness immunity, AC +4, negative energy resistance 1, electricity
resistance, torment resistance 1, petrification resistance
a: no special abilities


You were on level 3 of the Dungeon.
You visited 1 branch of the dungeon, and saw 4 of its levels.

You collected 208 gold pieces.


Innate Abilities, Weirdness & Mutations

You are immune to sickness and miasma.
Your stone body is resilient. (AC +4)
You are immune to poison.
You resist negative energy. (rN+)
You are resistant to electric shocks. (rElec)
You are resistant to unholy torment.
You are immune to petrification.


   Skills:
 + Level 3.0 Fighting
 - Level 6.0 Ranged Weapons
 - Level 1.0 Armour
 - Level 1.5 Dodging
 - Level 1.1 Stealth


You had 4 spell levels left.
You didn't know any spells.
Your spell library was empty.

Inventory:

Hand Weapons
 Y - a +1 shortbow (weapon)
Armour
 b - a +0 pair of boots (worn)
 d - a +0 ring mail (worn)
 i - a +0 pair of gloves (worn)
Scrolls
 a - a scroll of identify
Potions
 g - a potion of mutation {unknown}
 h - a potion of ambrosia {unknown}
 j - a potion of heal wounds {unknown}

Dungeon Overview and Level Annotations

Branches:
Dungeon (4/15)
 Temple: D:4-7

Altars:
Yredelemnul

Annotations:
D:3 Dowan, Duvessa


Message History

(D) Dungeon
Where to? (* - list waypoints, Enter - D:4, ? - help)
What level of the Dungeon? (default 1, ? - help)
You climb downwards.
Level annotation: Dowan, Duvessa The endoplasm barely misses you.
Duvessa barely misses you.
Dowan points at you and mumbles some strange words.
The puff of frost hits you.
There is a stone staircase leading up here.
You shoot an arrow. The arrow hits Duvessa.
Duvessa is lightly wounded.
The endoplasm misses you. Duvessa hits you with a +0 short sword.
The endoplasm barely misses you. Duvessa hits you but does no damage.
You shoot an arrow. The arrow hits Duvessa!
Duvessa is moderately wounded.
The endoplasm hits you but does no damage.
Duvessa hits you with a +0 short sword.
2669 ||| STAIRDANCE The endoplasm freezes you.
You are frozen.
Dowan hits you with a +0 dagger of venom.
Duvessa hits you with a +0 short sword.
You climb upwards.
There is a stone staircase leading down here.
You shoot an arrow. The arrow closely misses Duvessa.
The endoplasm freezes you.
You are frozen.
Dowan hits you but does no damage. Duvessa hits you but does no damage.
You shoot an arrow. The arrow hits Duvessa.
Duvessa is moderately wounded.
The endoplasm barely misses you.
Dowan hits you with a +0 dagger of venom.
Duvessa barely misses you.
You shoot an arrow.
The arrow hits Duvessa but does no damage.
Duvessa is moderately wounded.
The endoplasm freezes you.
You are frozen.
Dowan hits you but does no damage. Duvessa hits you with a +0 short sword!
You die...

...##...##...##...##............#
#.##.....##.##.....##......###.##
''#...8...#''...%...#'#....# #.#
#.##.....##.##.....##.##...# #:#
...##...##...##...##...###.###.#
....##'##^....##+##..}..+...##.#
...##...##...##...##...##...)..#
#.##.....##.##...).##.###.#.####
#'#...<...#'#..J@e..'+###.#.#
#.##.....##.##..e..##.##..#.#
...##...##...##...##...##...#
....##)##.....##'##..}..'.### #
...##...##...##...##...#### ####
#.##.....##.##.....##.#### #...
''#...8...#''.......#'#..### #.##
#.##.....##.##)....##..#...###.##
...##...##...##...###....###.....


You could see Duvessa, Dowan and an endoplasm.

Vanquished Creatures
  An orc wizard (D:3)
  4 gnolls (D:3)
  2 adders (D:3)
  An adder zombie (D:3)
  A worm (D:3)
  A dart slug (D:1)
  2 orcs (D:3)
  8 ball pythons
  7 bats
  An endoplasm (D:2)
  3 giant cockroaches
  6 goblins
  3 hobgoblins
  4 jackals (D:3)
  4 quokkas
  4 frilled lizards
  4 kobolds
  A quokka zombie (D:3)
  5 rats
62 creatures vanquished.

Notes
Turn   | Place    | Note
-------+----------+-------------------------------------------
     0 | D:1      | qw the Gargoyle Hunter began the quest for the Orb.
     0 | D:1      | Reached XP level 1. HP: 12/12 MP: 1/1
     0 | D:1      | 0 ||| qw: Version: 0.2-a-123-gb51047a
     0 | D:1      | 0 ||| qw: Game counter: 3795
     0 | D:1      | 0 ||| qw: Always use a shield: true
     0 | D:1      | 0 ||| qw: God list: Okawaru
     0 | D:1      | 0 ||| qw: Allow faded altars: false
     0 | D:1      | 0 ||| qw: Do Orc after D:15 true
     0 | D:1      | 0 ||| qw: Do second Lair branch before Depths: true
     0 | D:1      | 0 ||| qw: Lair rune preference: random
     0 | D:1      | 0 ||| qw: Plans: Normal, Zot:1-4, Slime:5, God:TSO, Crypt,
                  | Tomb, Abyss, Pan, Hells, Win
     0 | D:1      | 0 ||| PLANNING D:1-11
   277 | D:1      | Reached XP level 2. HP: 17/17 MP: 2/2
   710 | D:1      | 710 ||| UPGRADING to +0 pair of gloves.
   715 | D:1      | 715 ||| READING scroll labelled CEASMA BOUNE JOI.
   716 | D:1      | 716 ||| READING scroll labelled TONERY XEGAE.
   817 | D:1      | 817 ||| READING scroll labelled MESOOSSUAL.
   818 | D:1      | 818 ||| READING scroll labelled EDDAOK CASOMIU.
   819 | D:1      | 819 ||| READING scroll labelled HAHETED GIF.
   820 | D:1      | 820 ||| DROPPING scroll of butterflies.
   900 | D:2      | Reached XP level 3. HP: 21/21 MP: 3/3
  1042 | D:2      | Reached skill level 5 in Ranged Weapons
  1098 | D:2      | Noticed a scorpion
  1818 | D:2      | 1818 ||| UPGRADING to +0 pair of boots.
  1823 | D:2      | 1823 ||| UPGRADING to +0 ring mail.
  1833 | D:2      | 1833 ||| DROPPING +0 leather armour.
  1847 | D:3      | Reached skill level 1 in Armour
  1994 | D:3      | Reached XP level 4. HP: 27/27 MP: 4/4
  2000 | D:3      | Reached skill level 3 in Fighting
  2282 | D:3      | Found a basalt altar of Yredelemnul.
  2453 | D:3      | Reached XP level 5. HP: 32/32 MP: 5/5
  2559 | D:3      | 2559 ||| READING scroll labelled QEOM YSEUVACOE.
  2564 | D:3      | 2564 ||| READING scroll labelled ALINTI UNYNLY.
  2565 | D:3      | 2565 ||| READING 2 scrolls of identify.
  2565 | D:3      | 2565 ||| IDENTIFYING fuming grey potion
  2566 | D:3      | 2566 ||| DROPPING potion of invisibility.
  2589 | D:4      | Noticed Duvessa
  2589 | D:4      | Noticed Dowan
  2593 | D:4      | 2593 ||| STAIRDANCE
  2638 | D:4      | 2638 ||| STAIRDANCE
  2642 | D:3      | Reached skill level 6 in Ranged Weapons
  2669 | D:4      | 2669 ||| STAIRDANCE
  2672 | D:3      | HP: 6/32 [Dowan/+0 dagger of venom (5)]
  2673 | D:3      | Slain by Duvessa

Levels and vault maps discovered:
D:1:      matt_arrival_los_fun, layout_basic
D:2:      layout_basic, lightli_corner_chamber
D:3:      layout_rooms, lemuel_zombie_altar_yredelemnul, nicolae_hexahallways,
          chequers_serial_rivers_small_3
D:4:      layout_cave_pods, lemuel_crystal_altar, uniq_duvessa

Skill      XL: |  1  2  3  4  5 |
---------------+----------------+-----
Ranged Weapons | 5 6 |  6.0
Armour         | 1 |  1.0
Fighting       | 3 |  3.0
Dodging        | |  1.5
Stealth        | |  1.1

Action                     |  1- 3 |  4- 6 || total
---------------------------+-------+-------++-------
   Fire: Shortbow          |   126 |    85 ||   211
    Use: Scroll            |     5 |     3 ||     8
 Armour: Leather armour    |    18 |       ||    18
         Ring mail         |       |    24 ||    24
  Dodge: Dodged            |    34 |    40 ||    74

Table legend:
 A = Non-vault XP
 B = Vault XP
 C = Vault XP percentage of total XP
 D = Non-vault monster count
 E = Vault monster count
 F = Vault count percentage of total count
                 A         B        C        D         E       F
            +---------+---------+-------+---------+---------+-------
      Total |     212 |       6 |   2.8 |      60 |       2 |   3.2
            +---------+---------+-------+---------+---------+-------
        D:1 |      31 |       0 |   0.0 |      18 |       0 |   0.0
        D:2 |      25 |       0 |   0.0 |      15 |       0 |   0.0
        D:3 |     156 |       6 |   3.7 |      27 |       2 |   6.9
            +---------+---------+-------+---------+---------+-------
